 Dungeon Crawl Stone Soup version 0.26-a0-54-g15ccc7ae60 (webtiles) character file.

Game seed: 656027587003707512

113 Ozzies the Shield-Bearer (level 4, -1/29 HPs)
             Began as a Gargoyle Fighter on June 7, 2020.
             Slain by a gnoll
             ... wielding a +0 spear
              (4 damage)
             ... on level 3 of the Dungeon.
             The game lasted 00:03:13 (2246 turns).

Ozzies the Shield-Bearer (Gargoyle Fighter)         Turns: 2246, Time: 00:03:13

Health: -1/29      AC: 11    Str: 21    XL:     4   Next: 96%
Magic:  4/4        EV:  7    Int:  8    God:
Gold:   152        SH:  9    Dex:  9    Spells: 3/3 levels left

rFire    . . .     SeeInvis .   a - +0 flail
rCold    . . .     Gourm    .   c - +0 kite shield
rNeg     + . .     Faith    .   b - +0 scale mail
rPois    ∞         Spirit   .   (no helmet)
rElec    +         Reflect  .   (no cloak)
rCorr    .         Harm     .   (no gloves)
MR       .....                  i - +0 pair of boots
Stlth    ..........             (no amulet)
HPRegen  0.09/turn              (no ring)
MPRegen  0.09/turn              (no ring)

@: no status effects
A: negative energy resistance 1, electricity resistance, unbreathing,
petrification resistance, rot immunity, AC +3
a: no special abilities


You were on level 3 of the Dungeon.
You were very hungry.

You visited 1 branch of the dungeon, and saw 3 of its levels.

You collected 152 gold pieces.

Inventory:

Hand Weapons
 a - a +0 flail (weapon)
Armour
 b - a +0 scale mail (worn)
 c - a +0 kite shield (worn)
 i - a +0 pair of boots (worn)
Wands
 n - a wand of polymorph (11)
Scrolls
 e - a scroll of immolation {unknown}
 g - a scroll of teleportation {unknown}
 h - a scroll of remove curse {unknown}
 j - a scroll of identify {unknown}
 k - 2 scrolls of random uselessness {unknown}
Potions
 d - 2 potions of might
 l - a potion of curing {unknown}
 m - a potion of flight {unknown}
Comestibles
 f - 2 rations


   Skills:
 + Level 3.9 Fighting
 + Level 3.0 Maces & Flails
 + Level 3.8 Armour
 + Level 0.5 Dodging
 + Level 4.3 Shields


You had 3 spell levels left.
You didn't know any spells.
Your spell library was empty.

Dungeon Overview and Level Annotations

Branches:
Dungeon (3/15)

Altars:


Innate Abilities, Weirdness & Mutations

You are resistant to torment.
Your stone body is resilient. (AC +3)
You are immune to poison.
You resist negative energy. (rN+)
You are resistant to electric shocks. (rElec)
You can survive without breathing.
You are immune to petrification.
You are immune to rotting.


Message History

The worm is severely wounded.
The gnoll hits you from afar with a +0 spear.
* * * LOW HITPOINT WARNING * * *
You block the worm's attack.
You thump the worm!
You kill the worm!
The gnoll barely misses you. You block the gnoll's attack.
You block the gnoll's attack.
Things that are here:
a +0 whip; 5 stones You hit the gnoll.
The gnoll is lightly wounded.
You block the gnoll's attack.
You hit the gnoll.
The gnoll is moderately wounded.
The gnoll barely misses you.
You hit the gnoll but do no damage.
The gnoll is moderately wounded.
The gnoll hits you with a +0 spear.
You die...

... . [.##. .... # ..#
.# ####.)# .. #....#
####. #.#(##
......#########.#<####
......g@†.÷......)...##
...####).......##÷....##
####......(.......
#..)..#.)......
#...####........ .....##
##....... ..###.##
#......# .. .......# ...
.......#


You could see a gnoll.

Vanquished Creatures
  2 gnolls (D:3)
  2 adders
  2 worms
  6 leopard geckos
  2 orcs (D:3)
  3 ball pythons
  2 giant cockroaches
  5 goblins
  5 hobgoblins
  6 jackals
  7 bats
  4 frilled lizards
  8 kobolds
  7 rats
61 creatures vanquished.

Notes
Turn   | Place    | Note
-------+----------+-------------------------------------------
     0 | D:1      | Ozzies the Gargoyle Fighter began the quest for the Orb.
     0 | D:1      | Reached XP level 1. HP: 14/14 MP: 1/1
   308 | D:1      | Reached XP level 2. HP: 19/19 MP: 2/2
  1031 | D:2      | Reached XP level 3. HP: 21/23 MP: 3/3
  1571 | D:2      | Reached XP level 4. HP: 25/29 MP: 4/4
  1773 | D:2      | Reached skill level 4 in Shields
  2246 | D:3      | Slain by a gnoll

Illustrated notes

Levels and vault maps discovered:
D:1:      evilmike_arrival_plus, layout_basic, minmay_misc_feat_secret_circle,
          minmay_cut_off
D:2:      layout_rooms
D:3:      layout_rooms, first_ration, uniq_jessica

Skill      XL: |  1  2  3  4 |
---------------+-------------+-----
Shields        | 4 |  4.3
Maces & Flails | 3 |  3.0
Fighting       | |  3.9
Armour         | |  3.8
Dodging        | |  0.5

Action                   |  1- 3 |  4- 6 || total
-------------------------+-------+-------++-------
Melee: Flail             |   200 |   113 ||   313
  Eat: Chunk             |     3 |     1 ||     4
Armor: Scale mail        |   159 |    85 ||   244
Dodge: Dodged            |    79 |    60 ||   139
Block: Kite shield       |   143 |   107 ||   250

Table legend:
 A = Non-vault XP
 B = Vault XP
 C = Vault XP percentage of total XP
 D = Non-vault monster count
 E = Vault monster count
 F = Vault count percentage of total count
                 A         B        C        D         E       F
            +---------+---------+-------+---------+---------+-------
      Total |     160 |       2 |   1.2 |      59 |       2 |   3.3
            +---------+---------+-------+---------+---------+-------
        D:1 |      27 |       2 |   6.9 |      18 |       2 |  10.0
        D:2 |      64 |       0 |   0.0 |      27 |       0 |   0.0
        D:3 |      69 |       0 |   0.0 |      14 |       0 |   0.0
            +---------+---------+-------+---------+---------+-------
